 Dungeon Crawl Stone Soup version 0.31.0-32-g396128a36d (webtiles) character file.

Game seed: 3663086991549002217

64 RotoRooter the Ducker (level 3, -4/18 HPs)
             Began as a Felid Shapeshifter on Apr 15, 2024.
             Killed from afar by a white imp (5 damage)
             ... with a puff of frost
             ... on level 3 of the Dungeon.
             The game lasted 00:04:02 (1956 turns).

RotoRooter the Ducker (Felid Shapeshifter)          Turns: 1956, Time: 00:04:03

Health: -4/18      AC:  1    Str: 12    XL:     3   Next: 91%
Magic:  4/4        EV: 18    Int: 13    God:
Gold:   100        SH:  0    Dex: 15    Spells: 2/2 levels left
                                        Lives:  0   Deaths: 1

rFire   . .          .
                       - Unarmed
rCold   . . .        (shield unavailable)
rNeg    . . .        (body armour unavailable)
rPois   .            (helmet unavailable)
rElec   .            (cloak unavailable)
rCorr   .            (gloves unavailable)
SInv    +            (boots unavailable)
Will    .....        d - amulet of magic regeneration
Stlth   ++           (no ring)
HPRegen 0.23/turn    (no ring)
MPRegen 0.49/turn

%: no passive effects
@: beast-form
A: beast (slay +1), very small, claws 1, fangs 3, see invisible, shaggy fur 1,
stealthy paws, no weapons or thrown items, no armour, multi-lived
a: Begin Untransformation


You were on level 3 of the Dungeon.
You were a hulking beast.
You visited 1 branch of the dungeon, and saw 3 of its levels.

You collected 100 gold pieces.

Inventory:

Jewellery
 d - an amulet of magic regeneration (around neck)
Talismans
 b - a beast talisman
 c - a flux talisman
Scrolls
 f - a scroll of teleportation {unknown}
 h - a scroll of blinking {unknown}
Potions
 a - a potion of lignification
 e - a potion of attraction
 g - 2 potions of curing
 i - a potion of enlightenment {unknown}


   Skills:
 + Level 1.8 Fighting
 + Level 3.4 Dodging
 * Level 0.4 Stealth
 + Level 3.4 Unarmed Combat
 + Level 3.3 Shapeshifting


You had 2 spell levels left.
You didn't know any spells.
Your spell library was empty.

Dungeon Overview and Level Annotations

Branches:
Dungeon (3/15)

Altars:

Shops:
D:1 *

Annotations:
D:2 Sigmund


Innate Abilities, Weirdness & Mutations

You are a hulking beast.
Your limbs bulge with bestial killing power. (Slay +1)
You have sharp claws.
You have razor-sharp teeth.
You have supernaturally acute eyesight. (SInv)
You are covered in fur. (AC +1)
Your paws help you pounce on unaware monsters.
You are incapable of wielding weapons or throwing items.
You cannot wear armour.
You gain extra lives every three experience levels.


Message History

You are caught in a web!
The web tears apart.
The ribbon worm misses you.
You claw the ribbon worm!
The ribbon worm is moderately wounded.
The ribbon worm expels a string of sticky webbing.
The stream of webbing hits you but does no damage.
You are caught in a web!
The web tears apart.
The ribbon worm expels a string of sticky webbing.
The stream of webbing hits you but does no damage.
You are caught in a web!
The web tears apart.
You barely miss the ribbon worm. You bite the ribbon worm.
The ribbon worm is severely wounded.
The ribbon worm misses you.
You claw the ribbon worm!
The ribbon worm is almost dead.
The ribbon worm bites you.
You claw the ribbon worm!
You kill the ribbon worm!
You see here a ribbon worm corpse.
You start resting.
HP restored.
A white imp comes into view.
The white imp gestures at you. The puff of frost hits you!
Ouch! That really hurt!
You are too injured to fight recklessly!
You are too injured to fight recklessly!
You are too injured to fight recklessly!
You are too injured to fight recklessly!
You scratch the white imp but do no damage.
The white imp hits you.
* * * LOW HITPOINT WARNING * * *
The white imp freezes you.
* * * LOW HITPOINT WARNING * * *
You scratch the white imp but do no damage.
The white imp gestures at you. The puff of frost hits you.
You die...

### ..#
#.#
#####5#
..##h# #
#.##.#
#.##.##.#
#.......#
#######
####.####
#.....#
###.#####
#.....#
#.......#
##.....##
#..####.#
#.......#
#..###


You could see a white imp.

Vanquished Creatures
  Natasha (D:2)
  A ribbon worm (D:3)
  7 endoplasms
  2 giant cockroaches
  2 goblins
  A hobgoblin (D:1)
  5 kobolds
  A quokka (D:2)
  2 ball pythons
  6 bats
  6 frilled lizards
  A rat (D:3)
35 creatures vanquished.

Notes
Turn   | Place    | Note
-------+----------+-------------------------------------------
     0 | D:1      | RotoRooter the Felid Shapeshifter began the quest for the
                  | Orb.
     0 | D:1      | Reached XP level 1. HP: 10/10 MP: 2/2
   202 | D:1      | Found a faded altar of an unknown god.
   221 | D:1      | Reached XP level 2. HP: 14/14 MP: 3/3
   244 | D:1      | Found Aseckutz's Assorted Antiques.
  1081 | D:2      | Noticed Sigmund
  1299 | D:2      | Noticed Natasha
  1308 | D:2      | Slain by Natasha
  1308 | D:2      | Lost a life (0 lives remaining)
  1318 | D:2      | Killed Natasha
  1319 | D:2      | Reached XP level 3. HP: 4/18 MP: 4/4
  1956 | D:3      | Killed from afar by a white imp

Illustrated notes

Levels and vault maps discovered:
D:1:      reono_arrival_mine, layout_basic, serial_shops, shop_statue,
          basic_ecumenical_altar, nrook_mini_backslash
D:2:      layout_basic, minmay_misc_feat_hallway,
          chequers_serial_rivers_small_b, uniq_natasha, uniq_sigmund
D:3:      layout_loops_cross, minivault_23

Skill      XL: |  1  2 |
---------------+-------+-----
Dodging        | 3 |  3.4
Shapeshifting  | 3 |  3.3
Fighting       | |  1.8
Stealth        | |  0.4
Unarmed Combat | |  3.4

Action                     || total
---------------------------++-------
  Melee: Unarmed           ||    80
         Bite              ||     8
         Punch             ||     1
    Use: Potion            ||     2
   Stab: Sleeping          ||     2
 Armour: Skin              ||    28
  Dodge: Dodged            ||    55
